 BcadrenCrawl: Boulder Brew version 0.05.4-18-g5ee1e3cb8e (webtiles) character file.

Game seed: 2745677596266021138, levelgen mode: deterministic

73 diana the Ducker (level 4, -3/36 HPs) Minotaur Demonspawn. Began on Nov 28, 2021. Slain by a big kobold ... wielding a +0 club (8 damage) ... on level 1 of the Dungeon. The game lasted 00:02:07 (1101 turns).

diana the Ducker (Minotaur Demonspawn)              Turns: 1101, Time: 00:02:07

Health: -3/36      AC:  5    Str: 24    XL:     4 ^: 91
Magic:  0/5        EV: 13    Int:  9    God:
Gold:   87         SH:  0    Dex:  9    Spells: 4/5 levels left

rFire    . . .     Vision   .   a - +0 long sword
rCold    . . .     Gourm    .   (no weapon)
rNeg     . . .     Faith    .   b - +0 leather armour
rCorr    . . .     Spirit   +   (helmet restricted)
rPois    .         Reflect  .   m - +0 cloak
rElec    .         Harm     .   c - +0 pair of gloves
MR       .....                  (no boots)
Stlth    +.........             (no amulet)
HPRegen  0.22/turn              (no ring)
MPRegen  0.15/turn              (no ring)

@: no status effects
A: horns, retaliatory headbutt 2, STR +4, magic shield
a: no special abilities


You were on level 1 of the Dungeon.
You were hungry.

You visited 1 branch of the dungeon, and saw 2 of its levels.

You collected 87 gold pieces.

Inventory:

Weapons
 a - a +0 long sword (weapon)
Armour
 b - a +0 leather armour (worn)
 c - a +0 pair of gloves (worn)
 m - a +0 cloak (worn)
Jewellery
 g - an uncursed ring of protection from magic
 j - an uncursed ring of intelligence
Scrolls
 f - a scroll of blinking
 h - 4 scrolls of teleportation
 i - a scroll of bless item
Potions
 k - a potion of amnesia
 l - a potion of agility
Comestibles
 d - 3 rations


   Skills:
 + Level 1.7 Fighting
 * Level 3.5 Long Blades
 + Level 1.1 Armour
 * Level 4.0 Dodging
 - Level 1.6 Stealth
 - Level 1.0 Spellcasting
 - Level 1.4 Fire Magic
   Level 2.6 Invocations


You had 4 spell levels left.
You knew the following spells:

 Your Spells              Type           Power        Failure   Level  Hunger
a - Flame Tongue          Fire           3 (30)       22%         1    31-51

Your spell library contained the following spells:

 Spells                   Type           Power        Failure   Level  Hunger
 Slow Hex 0 (100) 36% 1 31-51 Blink Tloc N/A 52% 2 71-111 Call Imp Summ 0 (100) 52% 2 71-111 Conjure Flame Fire 3 (100) 54% 3 111-171 Mephitic Cloud Pois/Air       0 (100)      75%         3    111-171


Dungeon Overview and Level Annotations

Branches:
Dungeon (2/8)

Altars:


Innate Abilities, Weirdness & Mutations

You reflexively attack those that strike you in melee with your horns.
When hurt, damage is shared between your health and your magic reserves.
You are very strong. (STR +4)


Message History

You hit the big kobold (1).
You hit the big kobold but do no damage.
The big kobold is heavily wounded. (22/41) HP The big kobold hits you with a +0 club (5).
* * * LOW HITPOINT WARNING * * *
The big kobold hits you with a +0 club (4).
* * * LOW HITPOINT WARNING * * *
You feel your attributes changing!
You feel very strong. (STR +4)
You drop the empty bottle.
The big kobold hits you with a +0 club (2).
* * * LOW HITPOINT WARNING * * *
Okay, then.
You aren't carrying any items that you can evoke.
Unknown command.
You barely miss the big kobold. You hit the big kobold (2).
You headbutt the big kobold, but do no damage.
The big kobold is heavily wounded. (20/41) HP The big kobold barely misses you (0).
The big kobold hits you with a +0 club (9)!
You die...

.................................
.....###.####..##########.##.#.##
.....# #.# #..# #.##.#.# .....#
#.# #..# #.##.#.# ####.# #.# #..#
#.##.#.# ####.###.# #..# #.##.#.#
)........# #..# #..#.#.#
.........####[.###########.#.#.##
.........#....KK@..#.............
.........#####.###.#.............
.........#####.###.########..#.##
..##.###.....#.............#.....
..##.###..........K.....##.#.#.##
.............#####.###.###.#...##
..##.##.#....## #.# #.###.##..##
####..#.#.....# ##.###.##...#..##
# ##..#.###...# #....#.##...#..##


You could see a big kobold (berserk) and a kobold.

Vanquished Creatures
  2 giant cockroaches (D:1)
  A cinder newt (D:1)
  An ooze (D:1)
  A leopard gecko (D:1)
  4 hobgoblins (D:1)
  A ball python (D:1)
  8 bats
  5 goblins (D:1)
  7 kobolds
  3 rats (D:1)
33 creatures vanquished.

Notes
Turn   | Place    | Note
-------+----------+-------------------------------------------
     0 | D:1      | diana the Minotaur Demonspawn began the quest for the Orb.
     0 | D:1      | Reached XP level 1. HP: 16/16 MP: 1/1
    36 | D:1      | Gained mutation: When hurt, damage is shared between your
                  | health and your magic reserves. [demonic ancestry]
    36 | D:1      | Reached XP level 2. HP: 22/23 MP: 3/3
   272 | D:1      | Reached XP level 3. HP: 25/28 MP: 4/4
   426 | D:1      | Reached skill level 1 in Armour
   474 | D:1      | Reached skill level 4 in Dodging
   745 | D:1      | Reached XP level 4. HP: 36/36 MP: 5/5
  1056 | D:2      | Noticed a big kobold
  1058 | D:2      | Noticed a crocodile
  1101 | D:1      | Slain by a big kobold

Levels and vault maps discovered:
D:1:      dpeg_arrival_shrine, layout_basic, first_ration
D:2:      layout_sewer, grunt_temple_overflow_open, serial_shops,
          nicolae_shop_behind_doors, uniq_eustachio

Skill      XL: |  1  2  3 |
---------------+----------+-----
Long Blades    | 3 |  3.5
Armour         | 1 |  1.1
Dodging        | 4 |  4.0
Fighting       | |  1.7
Stealth        | |  1.6
Spellcasting   | |  1.0
Fire Magic     | |  1.4
Invocations    | |  2.6

Action                   |  1- 3 |  4- 6 || total
-------------------------+-------+-------++-------
Melee: Long sword        |    42 |    10 ||    52
       Unarmed           |    23 |     9 ||    32
       Headbutt          |     6 |     4 ||    10
  Use: Potion            |       |     1 ||     1
Armor: Leather armour    |    23 |     4 ||    27
Dodge: Dodged            |    20 |     7 ||    27
       Rpst.: Long sword |    10 |     1 ||    11
